SKY
MEMPHIS BLUES @ HOUSTON ASTROS
07/22/2052
 
TOP OF THE 1ST
Memphis Blues batting - Pitching for Houston Astros : RHP Julius Mueller
Pitching: RHP Julius Mueller
Batting: RHB Julien Straton 0-0: SOLO HOME RUN (Flyball, 8RXD, EV 106.3 MPH), Distance : 416 ft
Batting: LHB Caleb Oliver 0-0: Ball
1-0: Ball
2-0: Ball
3-0: Base on Balls
Batting: RHB Yohan Roque 0-0: Ball
1-0: SINGLE (Line Drive, 7S, EV 88.8 MPH)
Caleb Oliver to second
Batting: LHB R.J. Brown 0-0: Called Strike
0-1: Ball
1-1: Ball
2-1: Swinging Strike
2-2: Strikes out swinging
Batting: LHB Alex Nicholson 0-0: Called Strike
0-1: Ball
1-1: Ball
2-1: Foul Ball, location: 3SF
2-2: Ball
3-2: 3-RUN HOME RUN (Flyball, 9LD, EV 98.8 MPH), Distance : 376 ft
Batting: RHB Miles Hallam 0-0: Swinging Strike
0-1: Ball
1-1: Fly out, F8 (Flyball, 78D, EV 98.1 MPH)
Batting: LHB Max Foster 0-0: Called Strike
0-1: Ball
1-1: Ground out 4-3 (Groundball, 4, EV 90.0 MPH)
Top of the 1st over - 4 runs, 3 hits, 0 errors, 0 left on base; Memphis 4 - Houston 0
BOTTOM OF THE 1ST
Houston Astros batting - Pitching for Memphis Blues : RHP Logan Atwell
Pitching: RHP Logan Atwell
Batting: RHB Bill Thyfault 0-0: Ball
1-0: Foul Ball, location: 7LMF
1-1: Ball
2-1: Foul Ball, location: 2F
2-2: Ball
3-2: Strikes out swinging
Batting: RHB Joshua Massengill 0-0: Called Strike
0-1: Ball
1-1: Foul Ball, location: 2F
1-2: Strikes out swinging
Batting: RHB P.J. Sandino 0-0: Ball
1-0: Fly out, F9 (Flyball, 9, EV 91.9 MPH)
Bottom of the 1st over - 0 runs, 0 hits, 0 errors, 0 left on base; Memphis 4 - Houston 0
TOP OF THE 2ND
Memphis Blues batting - Pitching for Houston Astros : RHP Julius Mueller
Batting: RHB Amadeo Ybarra 0-0: Foul Ball, location: 5F
0-1: Ball
1-1: Called Strike
1-2: Ball
2-2: Ground out 6-3 (Groundball, 6, EV 83.1 MPH)
Batting: RHB Josh Benedict 0-0: Ball
1-0: Ball
2-0: Ball
3-0: Called Strike
3-1: Foul Ball, location: 2F
3-2: Ground out U3 (Groundball, 34S, EV 61.3 MPH)
Batting: RHB Julien Straton 0-0: Ball
1-0: Ball
2-0: Ball
3-0: Called Strike
3-1: Swinging Strike
3-2: Foul Ball, location: 9LDF
3-2: Strikes out swinging, 2-3 out at first.
Top of the 2nd over - 0 runs, 0 hits, 0 errors, 0 left on base; Memphis 4 - Houston 0
BOTTOM OF THE 2ND
Houston Astros batting - Pitching for Memphis Blues : RHP Logan Atwell
Batting: LHB Austin Mitchell 0-0: Fly out, F6 (Popup, 6S, EV 76.3 MPH)
Batting: LHB Owen Chandler 0-0: Foul Ball, location: 5DF
0-1: Swinging Strike
0-2: Strikes out swinging
Batting: RHB Stephan Davis 0-0: Called Strike
0-1: Swinging Strike
0-2: Strikes out looking
Bottom of the 2nd over - 0 runs, 0 hits, 0 errors, 0 left on base; Memphis 4 - Houston 0
TOP OF THE 3RD
Memphis Blues batting - Pitching for Houston Astros : RHP Julius Mueller
Batting: LHB Caleb Oliver 0-0: Ball
1-0: Ball
2-0: Foul Ball, location: 3F
2-1: Ball
3-1: Foul Ball, location: 5F
3-2: Base on Balls
Batting: RHB Yohan Roque 0-0: Foul Ball, location: 2F
0-1: Called Strike
0-2: Ball
1-2: Strikes out swinging
Batting: LHB R.J. Brown 0-0: Fly out, F8 (Flyball, 8LXD, EV 93.8 MPH)
Batting: LHB Alex Nicholson 0-0: Called Strike
0-1: Called Strike
0-2: Foul Ball, location: 25F
0-2: Foul Ball, location: 7LSF
0-2: Foul Ball, location: 23F
0-2: Ground out 4-3 (Groundball, 4, EV 94.4 MPH)
Top of the 3rd over - 0 runs, 0 hits, 0 errors, 1 left on base; Memphis 4 - Houston 0
BOTTOM OF THE 3RD
Houston Astros batting - Pitching for Memphis Blues : RHP Logan Atwell
Batting: LHB Caleb England 0-0: Called Strike
0-1: Ball
1-1: Ball
2-1: DOUBLE (Line Drive, 7LS, EV 100.0 MPH)
Batting: LHB Alexander Dickerson 0-0: Ball
1-0: Called Strike
1-1: Swinging Strike
1-2: Ground out 6-3 (Groundball, 6M, EV 80.6 MPH)
Batting: RHB Nick Burkard 0-0: Ball
1-0: SINGLE (Line Drive, 8LS, EV 93.1 MPH)
Caleb England to third
Batting: RHB Bill Thyfault 0-0: Called Strike
0-1: Called Strike
0-2: Strikes out swinging
Batting: RHB Joshua Massengill 0-0: Ball
1-0: SINGLE (Groundball, 56D, EV 103.8 MPH)
Caleb England scores
Nick Burkard to second
Batting: RHB P.J. Sandino 0-0: Ground out U3 (Groundball, 34S, EV 84.4 MPH)
Bottom of the 3rd over - 1 run, 3 hits, 0 errors, 2 left on base; Memphis 4 - Houston 1
TOP OF THE 4TH
Memphis Blues batting - Pitching for Houston Astros : RHP Julius Mueller
Batting: RHB Miles Hallam 0-0: Ball
1-0: Ball
2-0: Called Strike
2-1: Foul Ball, location: 23F
2-2: Ball
3-2: Foul Ball, location: 2F
3-2: Foul Ball, location: 7LSF
3-2: Foul Ball, location: 9LDF
3-2: Strikes out swinging
Batting: LHB Max Foster 0-0: Called Strike
0-1: Hit by Pitch
Batting: RHB Amadeo Ybarra 0-0: Swinging Strike
0-1: Foul Ball, location: 2F
0-2: Ball
1-2: Fly out, F8 (Flyball, 8RM, EV 85.6 MPH)
Batting: RHB Josh Benedict 0-0: Ball
1-0: Fielders Choice at 2nd, 6-4 (Groundball, 6, EV 77.5 MPH)
Top of the 4th over - 0 runs, 0 hits, 0 errors, 1 left on base; Memphis 4 - Houston 1
BOTTOM OF THE 4TH
Houston Astros batting - Pitching for Memphis Blues : RHP Logan Atwell
Batting: LHB Austin Mitchell 0-0: Called Strike
0-1: Ball
1-1: Ball
2-1: Ball
3-1: Foul Ball, location: 2F
3-2: Base on Balls
Batting: LHB Owen Chandler 0-0: Ball
1-0: Called Strike
1-1: Foul Ball, location: 2F
1-2: DOUBLE (Line Drive, 5D, EV 106.9 MPH)
Austin Mitchell to third
Runner from 3rd tries for Home, SAFE, no throw by LF
Batting: RHB Stephan Davis 0-0: Foul Ball, location: 2F
0-1: Ball
1-1: Swinging Strike
1-2: Ball
2-2: Strikes out swinging
Batting: LHB Caleb England 0-0: Foul Ball, location: 2F
0-1: Ball
1-1: Ball
2-1: Ball
3-1: Base on Balls
Batting: LHB Alexander Dickerson 0-0: Called Strike
0-1: Called Strike
0-2: Ground out 4-3 (Groundball, 4MS, EV 68.8 MPH)
Owen Chandler to third
Caleb England to second
Batting: RHB Nick Burkard 0-0: Ball
1-0: Ball
2-0: SINGLE (Line Drive, 9S, EV 100.0 MPH)
Owen Chandler scores
Caleb England to third
Runner from 3rd tries for Home, SAFE, throw by RF to home
Batting: RHB Bill Thyfault 0-0: Ball
1-0: Ball
2-0: SINGLE (Line Drive, 56, EV 106.9 MPH)
Nick Burkard to second
Batting: RHB Joshua Massengill 0-0: Called Strike
0-1: Ball
1-1: Ball
2-1: Ground out 5-3 (Groundball, 56S, EV 90.0 MPH)
Bottom of the 4th over - 3 runs, 3 hits, 0 errors, 2 left on base; Memphis 4 - Houston 4
TOP OF THE 5TH
Memphis Blues batting - Pitching for Houston Astros : RHP Julius Mueller
Batting: RHB Julien Straton 0-0: Ball
1-0: Called Strike
1-1: Swinging Strike
1-2: Ball
2-2: SINGLE (Groundball, 34D, EV 94.4 MPH)
Batting: LHB Caleb Oliver 0-0: Called Strike
Julien Straton steals 2nd base (no throw)
0-1: Foul Ball, location: 7LDF
0-2: Ball
1-2: SINGLE (Groundball, 34D, EV 102.5 MPH)
Julien Straton to third
Runner from 3rd tries for Home, SAFE, throw by RF to home
Pitching: RHP Alexis Robles
Batting: RHB Yohan Roque 0-0: Ball
1-0: Foul Ball, location: 7LMFF
1-1: Called Strike
1-2: Ground out 6-3 (Groundball, P, EV 91.3 MPH)
Caleb Oliver to second
Batting: LHB R.J. Brown 0-0: Ball
1-0: Ball
2-0: Reached on error, E4 (Groundball, 4, EV 80.6 MPH)
Batting: LHB Alex Nicholson 0-0: Called Strike
0-1: Called Strike
0-2: Ball
1-2: Foul Ball, location: 3FF
1-2: Strikes out looking
Batting: RHB Miles Hallam 0-0: Fielders Choice at 2nd, 5-4 (Groundball, 56, EV 76.9 MPH)
Top of the 5th over - 1 run, 2 hits, 1 error, 2 left on base; Memphis 5 - Houston 4
BOTTOM OF THE 5TH
Houston Astros batting - Pitching for Memphis Blues : RHP Logan Atwell
Batting: RHB P.J. Sandino 0-0: Fly out, F9 (Flyball, 9, EV 92.5 MPH)
Batting: LHB Austin Mitchell 0-0: Fly out, F5 (Popup, 56S, EV 77.5 MPH)
Batting: LHB Owen Chandler 0-0: Fly out, F3 (Line Drive, 3, EV 67.5 MPH)
Bottom of the 5th over - 0 runs, 0 hits, 0 errors, 0 left on base; Memphis 5 - Houston 4
TOP OF THE 6TH
Memphis Blues batting - Pitching for Houston Astros : RHP Alexis Robles
Batting: LHB Max Foster 0-0: Ball
1-0: Ball
2-0: Ground out 3-1 (Groundball, 34S, EV 78.8 MPH)
Batting: RHB Amadeo Ybarra 0-0: Ground out 3-1 (Groundball, 34, EV 80.6 MPH)
Batting: RHB Josh Benedict 0-0: Foul Ball, location: 2F
0-1: Ground out 6-3 (Groundball, 6MD, EV 105.0 MPH)
Top of the 6th over - 0 runs, 0 hits, 0 errors, 0 left on base; Memphis 5 - Houston 4
BOTTOM OF THE 6TH
Houston Astros batting - Pitching for Memphis Blues : RHP Logan Atwell
Batting: RHB Stephan Davis 0-0: Swinging Strike
0-1: Ground out 6-3 (Groundball, 6S, EV 69.4 MPH)
Batting: LHB Caleb England 0-0: Ball
1-0: Swinging Strike
1-1: Foul Ball, location: 23F
1-2: Reached on error, E7 (Flyball, 78M, EV 95.6 MPH)
Batting: LHB Alexander Dickerson 0-0: Called Strike
0-1: Ball
1-1: Fly out, F7 (Flyball, 7, EV 85.6 MPH)
Batting: RHB Nick Burkard 0-0: Ball
1-0: Called Strike
1-1: Ground out 4-3 (Groundball, 34, EV 105.6 MPH)
Bottom of the 6th over - 0 runs, 0 hits, 1 error, 1 left on base; Memphis 5 - Houston 4
TOP OF THE 7TH
Memphis Blues batting - Pitching for Houston Astros : RHP Alexis Robles
Batting: RHB Julien Straton 0-0: Foul Ball, location: 9LMF
0-1: Foul Ball, location: 9LSF
0-2: SOLO HOME RUN (Line Drive, 78XD, EV 112.5 MPH), Distance : 442 ft
Batting: LHB Caleb Oliver 0-0: Swinging Strike
0-1: Foul Ball, location: 25FF
0-2: Ball
1-2: Strikes out looking
Batting: RHB Yohan Roque 0-0: Ball
1-0: Ball
2-0: Called Strike
2-1: Ground out 5-3 (Groundball, 56S, EV 80.0 MPH)
Batting: LHB R.J. Brown 0-0: Fly out, F5 (Popup, 25F, EV 76.3 MPH)
Top of the 7th over - 1 run, 1 hit, 0 errors, 0 left on base; Memphis 6 - Houston 4
BOTTOM OF THE 7TH
Houston Astros batting - Pitching for Memphis Blues : RHP Logan Atwell
Now at 1B: Caleb Oliver
Now in LF: Max Foster
Now in RF: Urso Cardona
Batting: RHB Bill Thyfault 0-0: Ball
1-0: Ground out U3 (Groundball, 3, EV 109.4 MPH)
Batting: RHB Joshua Massengill 0-0: Foul Ball, location: 7LMFF
0-1: Called Strike
0-2: Ball
1-2: Strikes out swinging
Batting: RHB P.J. Sandino 0-0: Ball
1-0: Ground out 6-3 (Groundball, 6MS, EV 85.6 MPH)
Bottom of the 7th over - 0 runs, 0 hits, 0 errors, 0 left on base; Memphis 6 - Houston 4
TOP OF THE 8TH
Memphis Blues batting - Pitching for Houston Astros : RHP Alexis Robles
Batting: LHB Alex Nicholson 0-0: Called Strike
0-1: Ball
1-1: Fly out, F9 (Flyball, 9S, EV 92.5 MPH)
Batting: RHB Miles Hallam 0-0: Foul Ball, location: 5F
0-1: Called Strike
0-2: Strikes out swinging
Batting: LHB Max Foster 0-0: Ball
1-0: Called Strike
1-1: Swinging Strike
1-2: Fly out, F9 (Flyball, 9S, EV 93.8 MPH)
Top of the 8th over - 0 runs, 0 hits, 0 errors, 0 left on base; Memphis 6 - Houston 4
BOTTOM OF THE 8TH
Houston Astros batting - Pitching for Memphis Blues : RHP Logan Atwell
Now at C: Ishmael Baptiste
Now at 3B: Yefferson Parras
Batting: LHB Austin Mitchell 0-0: Ball
1-0: Called Strike
1-1: Hit by Pitch
Batting: LHB Owen Chandler 0-0: Ball
1-0: Foul Ball, location: 2F
1-1: Grounds into double play, 5-4-3 (Groundball, 56S, EV 81.9 MPH)
Batting: RHB Stephan Davis 0-0: Foul Ball, location: 3F
0-1: Foul Ball, location: 2F
0-2: Foul Ball, location: 2F
0-2: Ball
1-2: Ball
2-2: Strikes out swinging
Bottom of the 8th over - 0 runs, 0 hits, 0 errors, 0 left on base; Memphis 6 - Houston 4
TOP OF THE 9TH
Memphis Blues batting - Pitching for Houston Astros : RHP Alexis Robles
Batting: RHB Amadeo Ybarra 0-0: Called Strike
0-1: Ball
1-1: Ball
2-1: Swinging Strike
2-2: Foul Ball, location: 5DF
2-2: Strikes out swinging
Batting: RHB Josh Benedict 0-0: Called Strike
0-1: Ball
1-1: Ball
2-1: Swinging Strike
2-2: Strikes out swinging
Batting: RHB Julien Straton 0-0: Swinging Strike
0-1: Foul Ball, location: 2F
0-2: Ball
1-2: Ball
2-2: Ground out 5-3 (Groundball, 56S, EV 68.1 MPH)
Top of the 9th over - 0 runs, 0 hits, 0 errors, 0 left on base; Memphis 6 - Houston 4
BOTTOM OF THE 9TH
Houston Astros batting - Pitching for Memphis Blues : RHP Logan Atwell
Pitching: RHP Aaron Yeomans
Batting: LHB Caleb England 0-0: Fly out, F7 (Flyball, 7, EV 90.6 MPH)
Batting: LHB Alexander Dickerson 0-0: Called Strike
0-1: Called Strike
0-2: Ball
1-2: Foul Ball, location: 23F
1-2: Hit by Pitch
Pinch Hitting: LHB Vasques Cortes 0-0: Hit by Pitch
Alexander Dickerson to second
Batting: RHB Bill Thyfault 0-0: Ball
1-0: Called Strike
1-1: Swinging Strike
1-2: Ball
2-2: Foul Ball, location: 2LF
2-2: Strikes out swinging
Batting: RHB Joshua Massengill 0-0: Ball
1-0: Ball
2-0: Swinging Strike
2-1: Ball
3-1: 3-RUN HOME RUN (Flyball, 7D, EV 98.1 MPH), Distance : 402 ft
Bottom of the 9th over - 3 runs, 1 hit, 0 errors, 0 left on base; Memphis 6 - Houston 7
Tuesday, April 30th , 2024 - OOTP Baseball 24.11 Build 85